 Dungeon Sprint DCSS version 0.18-a0-1435-gee79d65 (webtiles) character file.

4900000 geek the Conqueror (level 24, -7/227 HPs)
             Began as a Demonspawn Chaos Knight on Feb 28, 2016.
             Was the Champion of Makhleb.
             Mangled by The Servant
             ... wielding a +9 glaive of flaming
              (93 damage)
             ... in the Dungeon (Sprint VIII: "Arena of Blood").
             The game lasted 00:02:01 (49 turns).

geek the Conqueror (Demonspawn Chaos Knight)          Turns: 49, Time: 00:02:01

Health: -7/227     AC:  8    Str: 18    XL:     24   Next: 52%
Magic:  0/54       EV: 36    Int: 16    God:    Makhleb [******]
Gold:   0          SH:  0    Dex: 17    Spells: 0 memorised, 77 levels left

rFire  + . .     SeeInvis .     j - +∞ Axe of Woe
rCold  . . .     Gourm    .     b - +2 leather armour
rNeg   . . .     Faith    .     (shield currently unavailable)
rPois  .         Spirit   +     (no helmet)
rElec  .         Dismiss  .     (no cloak)
rCorr  .         Reflect  .     (no gloves)
SustAt .         Harm     .     (boots unavailable)
MR     +....     NoTele   +     (no amulet)
Stlth  +++++++++.               (no ring)
                                (no ring)

@: repel missiles, somewhat resistant to hostile enchantments, incredibly
stealthy
A: hooves 3, repulsion field 3, demonic guardian 2, fire resistance 1, magic
shield, magic regeneration, magic link, flame cloud immunity
a: Minor Destruction, Lesser Servant of Makhleb, Major Destruction, Greater
Servant of Makhleb, Renounce Religion


You were in the Dungeon.
You worshipped Makhleb.
Makhleb was exalted by your worship.
You were not hungry.

You visited 1 branch

Inventory:

Hand Weapons
 a - a +0 hand axe of chaos
 j - the +∞ Axe of Woe (weapon)
   (You found it in the Dungeon)
Armour
 b - a +2 leather armour (worn)
Scrolls
 i - a scroll of blinking
Potions
 d - a potion of curing
 e - a potion of heal wounds
 f - a potion of haste
 g - 2 potions of magic
 h - a potion of berserk rage
Comestibles
 c - a bread ration


   Skills:
 O Level 27 Fighting
 O Level 27 Axes
 O Level 27 Throwing
 O Level 27 Armour
 O Level 27 Dodging
 O Level 27 Stealth
 O Level 27 Unarmed Combat
 O Level 27 Spellcasting
 O Level 27 Invocations


You had 77 spell levels left.
You didn't know any spells.

Dungeon Overview and Level Annotations

Branches:
Dungeon (1/1)

Altars:
Makhleb

Annotations:
D The Servant


Innate Abilities, Weirdness & Mutations

You have hooves in place of feet.
You are surrounded by a strong repulsion field (EV +4, rMsl).
A demonic guardian rushes to your aid.
Your flesh is heat resistant.
When hurt, damage is shared between your health and your magic reserves.
You regenerate magic rapidly.
When low on magic, you restore magic in place of health.
You are immune to clouds of flame.


Message History

You destroy the crawling corpse!
You hear a shout! x2
Your sun demon hits the meat berserker.
The meat berserker is engulfed in flames!!
The meat berserker hits your sun demon with a +9 battleaxe!!!!
Your sun demon dies!
You hear a shout!
The meat berserker rages.
You hear a shout!
The meat berserker shouts!
A meat berserker comes into view. It is wielding a +9 battleaxe.
Unknown command.
Unknown command.
You hear a shout! x3
The destroyer blinks!
The destroyer is engulfed in roaring flames.
The destroyer hits you with a +9 great sword of slicing!!!!
The destroyer bites you!
The destroyer draws strength from your injuries!
The Servant hits you with a +9 glaive of flaming!!!!
You die...

...% .. .... ..
%.. #. ..# #..
..# .###oV
..###..
.O...§###o....%.
..o.OOC_@@......
..§o#Vx§)V#.....
. #_Xo§_# %..
#...xO# .
..V.._..C..
....%.###.z%...
.###.% ..###.
#.. O.# #.. ..#


You could see The Servant, 3 destroyers, a sculptor of flesh, 2 large bags of
meat, a large abomination, 5 meat berserkers, a small abomination, 4 bags of
meat and a crawling corpse.

Vanquished Creatures
  A vampire knight (D)
  15 ogres (D)
  22 orcs (D)
  3 hill giants (D)
  2 large abominations (D)
  A crawling corpse (D)
44 creatures vanquished.

Notes
Turn   | Place    | Note
--------------------------------------------------------------
     0 | D        | geek the Demonspawn Chaos Knight began the quest for the Orb.
     0 | D        | Reached XP level 1. HP: 18/18 MP: 1/1
     3 | D        | Noticed a bag of meat
     4 | D        | Fell from the grace of Xom
     4 | D        | Became a worshipper of Makhleb the Destroyer
     5 | D        | Noticed a bag of meat
     6 | D        | Noticed a meat berserker
     7 | D        | Noticed a bag of meat
     7 | D        | Noticed a meat berserker
     7 | D        | Killed a bag of meat
     7 | D        | Gained mutation: You are surrounded by a mild repulsion field (EV +2). [demonic ancestry]
     7 | D        | Reached XP level 2. HP: 21/49 MP: 2/2
     7 | D        | Reached XP level 3. HP: 23/55 MP: 3/3
     7 | D        | Gained mutation: You are surrounded by a moderate repulsion field (EV +3). [demonic ancestry]
     7 | D        | Reached XP level 4. HP: 26/63 MP: 4/4
     7 | D        | Gained mutation: When hurt, damage is shared between your health and your magic reserves. [demonic ancestry]
     7 | D        | Reached XP level 5. HP: 28/69 MP: 5/5
     7 | D        | Gained mutation: A weak demonic guardian rushes to your aid. [demonic ancestry]
     7 | D        | Reached XP level 6. HP: 30/76 MP: 6/6
     7 | D        | Reached XP level 7. HP: 32/83 MP: 7/7
     7 | D        | Gained mutation: You are surrounded by a strong repulsion field (EV +4, rMsl). [demonic ancestry]
     7 | D        | Reached XP level 8. HP: 34/90 MP: 8/8
     7 | D        | Reached XP level 9. HP: 36/96 MP: 9/9
     7 | D        | Reached XP level 10. HP: 39/104 MP: 10/10
     7 | D        | Gained mutation: You have large cloven feet. [demonic ancestry]
     7 | D        | Reached XP level 11. HP: 41/110 MP: 11/11
     8 | D        | Noticed a meat berserker
     8 | D        | Killed a meat berserker
     8 | D        | Reached * piety under Makhleb
     8 | D        | Gained mutation: A demonic guardian rushes to your aid. [demonic ancestry]
     8 | D        | Reached XP level 12. HP: 43/127 MP: 12/12
     8 | D        | Reached XP level 13. HP: 45/134 MP: 13/13
     9 | D        | Killed a meat berserker
     9 | D        | Gained mutation: You regenerate magic rapidly. [demonic ancestry]
     9 | D        | Reached XP level 14. HP: 141/148 MP: 14/14
     9 | D        | Killed a meat berserker
     9 | D        | Reached ** piety under Makhleb
     9 | D        | Reached skill level 27 in Fighting
     9 | D        | Reached skill level 15 in Armour
     9 | D        | Reached XP level 15. HP: 153/159 MP: 15/15
    10 | D        | Reached skill level 27 in Axes
    11 | D        | Noticed a meat berserker
    12 | D        | Noticed a meat berserker
    13 | D        | Killed a meat berserker
    13 | D        | Reached *** piety under Makhleb
    13 | D        | Gained mutation: You have hoof-like feet. [demonic ancestry]
    13 | D        | Reached XP level 16. HP: 167/167 MP: 16/16
    14 | D        | Noticed a meat berserker
    15 | D        | Noticed a meat berserker
    15 | D        | Gained mutation: You have hooves in place of feet. [demonic ancestry]
    15 | D        | Reached XP level 17. HP: 174/174 MP: 17/17
    17 | D        | Killed a meat berserker
    17 | D        | Reached **** piety under Makhleb
    17 | D        | Reached skill level 27 in Armour
    19 | D        | Noticed a meat berserker
    19 | D        | Killed a meat berserker
    19 | D        | Gained mutation: When low on magic, you restore magic in place of health. [demonic ancestry]
    19 | D        | Reached XP level 18. HP: 182/182 MP: 11/18
    21 | D        | Noticed a meat berserker
    21 | D        | Reached skill level 27 in Dodging
    21 | D        | Reached ***** piety under Makhleb
    21 | D        | Killed a meat berserker
    21 | D        | Reached skill level 10 in Throwing
    21 | D        | Reached skill level 10 in Unarmed Combat
    21 | D        | Reached skill level 10 in Spellcasting
    21 | D        | Reached XP level 19. HP: 189/189 MP: 12/33
    23 | D        | Reached skill level 15 in Stealth
    23 | D        | Reached skill level 15 in Throwing
    23 | D        | Reached skill level 15 in Unarmed Combat
    23 | D        | Reached skill level 15 in Spellcasting
    24 | D        | Noticed a large bag of meat
    25 | D        | Killed a large bag of meat
    25 | D        | Killed a meat berserker
    25 | D        | Reached ****** piety under Makhleb
    25 | D        | Reached XP level 20. HP: 197/197 MP: 11/41
    27 | D        | Killed a meat berserker
    27 | D        | Reached skill level 27 in Invocations
    27 | D        | Reached XP level 21. HP: 204/204 MP: 11/45
    33 | D        | Gained mutation: Your flesh is heat resistant. [demonic ancestry]
    33 | D        | Reached XP level 22. HP: 212/212 MP: 11/50
    33 | D        | Reached skill level 27 in Stealth
    38 | D        | Noticed The Servant
    39 | D        | Reached skill level 27 in Throwing
    39 | D        | Reached skill level 27 in Unarmed Combat
    39 | D        | Reached skill level 27 in Spellcasting
    41 | D        | Reached XP level 23. HP: 219/219 MP: 12/54
    45 | D        | Noticed a destroyer
    46 | D        | Noticed a destroyer
    46 | D        | Noticed a destroyer
    47 | D        | Noticed a destroyer
    47 | D        | Noticed a destroyer
    47 | D        | Killed a destroyer
    47 | D        | Gained mutation: You are immune to clouds of flame. [demonic ancestry]
    47 | D        | Reached XP level 24. HP: 216/227 MP: 7/54
    49 | D        | Mangled by The Servant

Vault maps used:
D:        meatsprint

Skill      XL: |  1  2  3  4  5  6  7  8  9 10 11 12 13 14 15 16 17 18 19 20 21 22 |
---------------+-------------------------------------------------------------------+-----
Fighting       | 18 22 25 27 | 27.0
Axes           | 17 21 23 26 27 | 27.0
Armour         | 9 12 13 15 22 26 27 | 27.0
Dodging        | 2 3 4 9 12 25 27 | 27.0
Throwing       | 10 17 20 24 27 | 27.0
Stealth        | 11 19 22 26 27 | 27.0
Unarmed Combat | 10 17 20 24 27 | 27.0
Spellcasting   | 10 17 20 24 27 | 27.0
Invocations    | 14 23 27 | 27.0

Action                   |  1- 3 |  4- 6 |  7- 9 | 10-12 | 13-15 | 16-18 | 19-21 | 22-24 || total
-------------------------+-------+-------+-------+-------+-------+-------+-------+-------++-------
Melee: Executioner's axe |     1 |       |       |     1 |     3 |     4 |     9 |     8 ||    26
Invok: Greater Servant o |       |       |       |       |       |       |       |     1 ||     1
